 Dungeon Crawl Stone Soup version 0.30-a0-140-gd1020e658a (webtiles) character file.

Game seed: 140720132299312433

32 qw the Chopper (level 3, -1/23 HPs)
             Began as a Gargoyle Fighter on Sept 24, 2022.
             Slain by a gnoll
             ... wielding a +0 club
              (2 damage)
             ... on level 3 of the Dungeon.
             The game lasted 00:00:20 (1156 turns).

qw the Chopper (Gargoyle Fighter)                   Turns: 1156, Time: 00:00:21

Health: -1/23      AC: 11    Str: 21    XL:     3   Next: 27%
Magic:  3/3        EV:  9    Int:  8    God:
Gold:   49         SH:  4    Dex:  9    Spells: 2/2 levels left

rFire   . . .      SeeInvis .    Y - +1 war axe
rCold   . . .      Faith    .    c - +0 buckler
rNeg    + . .      Spirit   .    b - +0 scale mail
rPois   inf        Reflect  .    (no helmet)
rElec   +          Harm     .    (no cloak)
rCorr   .          Rampage  .    i - +0 pair of gloves
Will    .....                    (no boots)
Stlth   ..........               (no amulet)
HPRegen 0.07/turn                (no ring)
MPRegen 0.08/turn                (no ring)

@: no status effects
A: sickness immunity, AC +3, negative energy resistance 1, electricity
resistance, torment resistance 1, petrification resistance
a: no special abilities


You were on level 3 of the Dungeon.
You visited 1 branch of the dungeon, and saw 4 of its levels.

You collected 49 gold pieces.


Innate Abilities, Weirdness & Mutations

You are immune to sickness and miasma.
Your stone body is resilient. (AC +3)
You are immune to poison.
You resist negative energy. (rN+)
You are resistant to electric shocks. (rElec)
You are resistant to unholy torment.
You are immune to petrification.


   Skills:
 - Level 3.2 Fighting
 + Level 3.3 Axes
 - Level 3.2 Armour
 - Level 3.2 Shields


You had 2 spell levels left.
You didn't know any spells.
Your spell library was empty.

Inventory:

Hand Weapons
 h - a +0 whip
 Y - a +1 war axe (weapon)
Armour
 b - a +0 scale mail (worn)
 c - a +0 buckler (worn)
 i - a +0 pair of gloves (worn)
Scrolls
 a - a scroll of amnesia {unknown}
Potions
 d - a potion of might
 e - a potion of attraction {unknown}
 j - a potion of degeneration {unknown}
 k - a potion of haste {unknown}

Dungeon Overview and Level Annotations

Branches:
Dungeon (4/15)
 Temple: D:4-7

Altars:


Message History

A gnoll comes into view. It is wielding a +0 flail.
You see here a scroll labelled WAITRA JOYMEA.
You barely miss the gnoll. The gnoll closely misses you.
You slash the gnoll!
You kill the gnoll!
You have reached level 3!
Your experience leads to an increase in your attributes!
Increase (S)trength, (I)ntelligence, or (D)exterity?
You feel stronger. x2
a - a scroll labelled WAITRA JOYMEA A gnoll comes into view.
It is wielding a +0 club.
The gnoll shouts!
A gnoll comes into view. It is wielding a +0 flail.
You see here a +0 flail.
1146 ||| Stepping ~*~*~tactically~*~*~ (stealth).
The gnoll shouts!
You see here a +0 flail.
You barely miss the gnoll. The gnoll hits you but does no damage.
You hit the gnoll.
The gnoll is moderately wounded.
The gnoll hits you with a +0 club.
You hit the gnoll.
The gnoll is moderately wounded.
The gnoll barely misses you. The gnoll hits you but does no damage.
You hit the gnoll.
The gnoll is severely wounded.
You barely miss the gnoll. The gnoll hits you but does no damage.
The gnoll hits you with a +0 club.
You closely miss the gnoll.
The gnoll is severely wounded.
You closely miss the gnoll. The gnoll closely misses you.
The gnoll hits you with a +0 flail! The gnoll hits you with a +0 flail.
The gnoll hits you but does no damage.
You completely miss the gnoll.
The gnoll is severely wounded.
You hit the gnoll but do no damage. The gnoll hits you with a +0 flail.
The gnoll hits you with a +0 club.
You die...

#..# #........
#... #........
#... #........
#%.......
#........
#........
##........
#.......).
#@........
......gg.....?..
###.............
#.........######
#.........#
..........#
.........##
.........#


You could see 2 gnolls.

Vanquished Creatures
  A gnoll (D:3)
  7 ball pythons
  A bat (D:3)
  3 endoplasms
  A giant cockroach (D:1)
  2 goblins (D:1)
  A hobgoblin (D:1)
  A quokka (D:1)
  3 kobolds (D:1)
20 creatures vanquished.

Notes
Turn   | Place    | Note
-------+----------+-------------------------------------------
     0 | D:1      | qw the Gargoyle Fighter began the quest for the Orb.
     0 | D:1      | Reached XP level 1. HP: 14/14 MP: 1/1
     0 | D:1      | 0 ||| qw: Version: 0.1.0-9-gbc19398
     0 | D:1      | 0 ||| qw: Game counter: 26
     0 | D:1      | 0 ||| qw: Always use a shield: true
     0 | D:1      | 0 ||| qw: God list: Okawaru
     0 | D:1      | 0 ||| qw: Allow faded altars: false
     0 | D:1      | 0 ||| qw: Do Orc after D:15 true
     0 | D:1      | 0 ||| qw: Do second Lair branch before Depths: true
     0 | D:1      | 0 ||| qw: Lair rune preference: random
     0 | D:1      | 0 ||| qw: Plans: Normal, Zot:1-4, God:TSO, Crypt, Tomb,
                  | Pan, Slime:5, Hells, Abyss, Orb
     0 | D:1      | 0 ||| PLANNING D:1-11
   432 | D:1      | Reached XP level 2. HP: 19/19 MP: 2/2
   458 | D:1      | 458 ||| Stepping ~*~*~tactically~*~*~ (stealth).
   460 | D:1      | 460 ||| Stepping ~*~*~tactically~*~*~ (stealth).
   844 | D:1      | 844 ||| UPGRADING to +0 pair of gloves.
   849 | D:1      | 849 ||| READING scroll labelled XAIDUHUMPI.
   850 | D:1      | 850 ||| READING scroll labelled MUIGUNI SUITO.
   851 | D:1      | 851 ||| READING scroll labelled GYP SOHONO.
   877 | D:2      | 877 ||| STAIRDANCE
   887 | D:2      | 887 ||| STAIRDANCE
   913 | D:2      | Reached skill level 3 in Axes
   913 | D:2      | 913 ||| STAIRDANCE
  1043 | D:2      | You fall into a shaft and drop 2 floors!
  1101 | D:4      | 1101 ||| READING scroll labelled SOIRIT OPAFOWI.
  1102 | D:4      | 1102 ||| READING scroll labelled LIOMALL POITUGI.
  1103 | D:4      | 1103 ||| DRINKING 2 fuming blue potions.
  1104 | D:4      | 1104 ||| DROPPING potion of magic.
  1144 | D:3      | Reached XP level 3. HP: 23/23 MP: 3/3
  1146 | D:3      | 1146 ||| Stepping ~*~*~tactically~*~*~ (stealth).
  1156 | D:3      | HP: 1/23 [gnoll/+0 flail (6)]
  1156 | D:3      | Slain by a gnoll

Levels and vault maps discovered:
D:1:      dpeg_arrival_arbitrary_b, layout_basic
D:2:      layout_loops_cross, basic_ecumenical_altar, minmay_split_cup_large
D:3:      layout_basic
D:4:      layout_basic, minmay_temple_entry_ruins

Skill      XL: |  1  2 |
---------------+-------+-----
Axes           | 2 3 |  3.3
Fighting       | |  3.2
Armour         | |  3.2
Shields        | |  3.2

Action                   || total
-------------------------++-------
Melee: War axe           ||    56
  Use: Scroll            ||     5
       Potion            ||     1
Armor: Scale mail        ||    31
Dodge: Dodged            ||    23
Block: Buckler           ||     8

Table legend:
 A = Non-vault XP
 B = Vault XP
 C = Vault XP percentage of total XP
 D = Non-vault monster count
 E = Vault monster count
 F = Vault count percentage of total count
                 A         B        C        D         E       F
            +---------+---------+-------+---------+---------+-------
      Total |      47 |       0 |   0.0 |      20 |       0 |   0.0
            +---------+---------+-------+---------+---------+-------
        D:1 |      24 |       0 |   0.0 |      14 |       0 |   0.0
        D:2 |       7 |       0 |   0.0 |       4 |       0 |   0.0
        D:3 |      16 |       0 |   0.0 |       2 |       0 |   0.0
            +---------+---------+-------+---------+---------+-------
